 Dungeon Crawl Stone Soup version 0.30-a0-540-g0af01429fa (webtiles) character file.

Game seed: 5527430468941914377

4 porpoise the Caller (level 1, 0/13 HPs)
             Began as a Barachi Summoner on Dec 26, 2022.
             Constricted to death by a ball python (1 damage)
             ... on level 1 of the Dungeon.
             The game lasted 00:01:16 (150 turns).

porpoise the Caller (Barachi Summoner)               Turns: 150, Time: 00:01:16

Health: 0/13       AC:  2    Str:  9    XL:     1   Next: 70%
Magic:  1/3        EV:  9    Int: 15    God:
Gold:   30         SH:  0    Dex: 12    Spells: 3/4 levels left

rFire   . . .      SeeInvis .    (no weapon)
rCold   . . .      Faith    .    (no shield)
rNeg    . . .      Spirit   .    a - +0 robe
rPois   .          Reflect  .    (no helmet)
rElec   .          Harm     .    (no cloak)
rCorr   .          Rampage  .    (no gloves)
Will    .....                    (no boots)
Stlth   ++                       (no amulet)
HPRegen 0.22/turn                (no ring)
MPRegen 0.08/turn                (no ring)

@: constricted, slow
A: amphibious, slowness 1, strong legs 1, +LOS
a: Hop


You were on level 1 of the Dungeon.
You visited 1 branch of the dungeon, and saw 1 of its levels.

You collected 30 gold pieces.

Inventory:

Armour
 a - a +0 robe (worn)
Scrolls
 d - a scroll of identify {unknown}
 e - a scroll of immolation {unknown}
Potions
 b - a potion of magic
 c - a potion of attraction {unknown}
 f - a potion of mutation {unknown}


   Skills:
 - Level 2.1 Dodging
 - Level 1.7 Stealth
 + Level 2.4 Spellcasting
 + Level 5.0 Summonings


You had 3 spell levels left.
You knew the following spells:

 Your Spells              Type           Power      Damage    Failure   Level
a - Summon Small Mammal   Summ           64%        N/A       2%          1

Your spell library contained the following spells:

 Spells                   Type           Power      Damage    Failure   Level
 Call Imp                 Summ           16%        N/A       4%          2
 Call Canine Familiar     Summ           16%        N/A       9%          3
 Summon Guardian Golem    Hex/Summ       9%         N/A       22%         3
 Summon Lightning Spire   Summ/Air       9%         N/A       58%         4


Dungeon Overview and Level Annotations

Branches:
Dungeon (1/15)

Altars:


Innate Abilities, Weirdness & Mutations

You are amphibious.
You cover ground slowly.
You can hop short distances.
You have an extended range of vision and can be seen from far away.


Message History

Your bat hits the ball python.
Your bat struggles to escape constriction.
Your bat hits the ball python. The kobold closely misses you.
The ball python bites your bat. The ball python constricts your bat.
You barely miss the kobold.
The kobold is severely wounded.
Your bat closely misses the ball python.
Your bat hits the kobold but does no damage.
The ball python bites your bat. The ball python constricts your bat.
Your bat dies!
Your bat's corpse disappears in a puff of smoke!
The kobold hits you with a +0 club.
Your rat closely misses the kobold.
You closely miss the kobold.
The kobold is severely wounded.
The kobold misses you.
Your rat bites the kobold.
The kobold dies!
The ball python bites your rat.
Your rat dies!
Your rat's corpse disappears in a puff of smoke!
The ball python bites you. The ball python barely misses you.
Things that are here:
a +0 club; a kobold corpse You barely miss the ball python.
The ball python is heavily wounded.
The ball python bites you. The ball python barely misses you.
You are too injured to fight recklessly!
You hit the ball python but do no damage.
The ball python is heavily wounded.
The ball python bites you but does no damage.
The ball python grabs you. The ball python constricts you.
Casting: Summon Small Mammal (safe; 2% risk of failure)
Confirm with . or Enter, or press ? or * to list all spells.
The ball python bites you.
* * * LOW HITPOINT WARNING * * *
The ball python constricts you.
* * * LOW HITPOINT WARNING * * *
You closely miss the ball python.
The ball python is heavily wounded.
The ball python barely misses you. The ball python constricts you.
You die... ...... ..# ......... ......(K ..# ...... ## ... ?.... .PP

. .. ##.#.##.P.S ## .. #..
..#...P♣ .#
#.###.#######...#
.###.#........r.@S...# ...♣
.................##.##.....
..................[....#
.#####.#####...........#
..###...###.†###.......#
...#.....#.†.# #########
....## ##....#
<....###.(...#
......#.....##


You could see a ball python (ally target) and a friendly rat (summoned).

Vanquished Creatures (collateral kills)
  An endoplasm (D:1)
  A giant cockroach (D:1)
  A hobgoblin (D:1)
  A kobold (D:1)
4 creatures vanquished.

Vanquished Creatures (others)
  A withered plant (D:1)
1 creature vanquished.

Grand Total: 5 creatures vanquished

Notes
Turn   | Place    | Note
-------+----------+-------------------------------------------
     0 | D:1      | porpoise the Barachi Summoner began the quest for the Orb.
     0 | D:1      | Reached XP level 1. HP: 13/13 MP: 3/3
   110 | D:1      | Reached skill level 5 in Summonings
   150 | D:1      | Constricted to death by a ball python

Illustrated notes

Levels and vault maps discovered:
D:1:      onia_arrival_pyramid, layout_rooms, ebering_ecumenical_altar_petrified

Skill      XL: |  1 |
---------------+----+-----
Summonings     | 5 |  5.0
Dodging        | |  2.1
Stealth        | |  1.7
Spellcasting   | |  2.4

Action                   || total
-------------------------++-------
Melee: Unarmed           ||    10
 Cast: Summon Small Mamm ||     7
Armor: Robe              ||     2
Dodge: Dodged            ||     7

Table legend: (Time is in decaauts)
 A = Elapsed time spent in this place.
 B = Non-inter-level travel time spent in this place.
 C = Inter-level travel time spent in this place.
 D = Time resting spent in this place.
 E = Time spent auto-exploring this place.
 F = Levels seen in this place.
 G = Mean time per level.
                   A        B        C        D        E       F      G
               +--------+--------+--------+--------+--------+-----+--------+
         Total |    166 |    166 |      0 |     32 |     87 |   1 |  166.0 |
       Dungeon |    166 |    166 |      0 |     32 |     87 |   1 |  166.0 |
               +--------+--------+--------+--------+--------+-----+--------+

Top non-repeatable levels by time:
     D:1: 166 daAuts
